 Seeded DCSS version 0.31-a0-544-gceb718ecc6 (webtiles) character file.

Game seed: 18446744073709551615 (custom seed)

1 Mickster the Chopper (level 1, -5/28 HPs)
             Began as a Hill Orc Berserker on Aug 16, 2023.
             Was a Follower of Trog.
             Slain by a gnoll
             ... wielding a +0 club
              (6 damage)
             ... on level 1 of the Dungeon.
             The game lasted 00:00:51 (85 turns).

Mickster the Chopper (Hill Orc Berserker)             Turns: 85, Time: 00:00:52

Health: -5/28      AC:  2    Str: 19    XL:     1   Next: 20%
Magic:  1/1        EV: 11    Int:  7    God:    Trog [*.....]
Gold:   3          SH:  0    Dex: 10    Spells: 0/0 levels left

rFire   . . .        a - +0 hand axe
rCold   . . .        (no shield)
rNeg    . . .        b - +0 animal skin
rPois   .            (no helmet)
rElec   .            (no cloak)
rCorr   .            (no gloves)
SInv    .            (no boots)
Will    .....        (no amulet) Stlth
                     (no ring)
HPRegen 0.24/turn    (no ring)
MPRegen 0.07/turn

%: no passive effects
@: berserking, very quick
A: no striking features
a: Renounce Religion, Berserk


You were on level 1 of the Dungeon.
You worshipped Trog.
Trog was aware of your devotion.
You visited 1 branch of the dungeon, and saw 1 of its levels.

You collected 3 gold pieces.

Inventory:

Hand Weapons
 a - a +0 hand axe (weapon)
Armour
 b - a +0 animal skin (worn)


   Skills:
 + Level 3.6 Fighting
 * Level 4.0 Axes
 + Level 2.3 Armour
 + Level 1.5 Dodging


You couldn't memorise any spells.
You didn't know any spells.
Your spell library was empty.

Dungeon Overview and Level Annotations

Branches:
Dungeon (1/15)

Altars:


Message History

Moving in this stuff is going to be slow.
Found a scroll labelled MUPEILODAI.
c - a scroll labelled MUPEILODAI
There are no items here.
As you read the scroll labelled MUPEILODAI, it crumbles to dust.
It is a scroll of identify.
You don't currently have any unidentified items.
A ball python comes into view.
The ball python hisses angrily.
You slash the ball python!
You kill the ball python!
Trog accepts your kill.
You see here a ball python corpse.
Found a stone staircase leading down.
A hobgoblin comes into view.
The hobgoblin shouts!
A gnoll comes into view. It is wielding a +0 club.
Found 2 poisoned darts and a scroll labelled TUNAZXI VURGHA.
The hobgoblin barely misses you.
A ball python comes into view.
The ball python hisses angrily.
You hit the hobgoblin but do no damage. You barely miss the gnoll.
The hobgoblin barely misses you. The gnoll misses you.
You hit the hobgoblin but do no damage. You hit the gnoll but do no damage.
The gnoll hits you with a +0 club! The hobgoblin hits you.
You hit the hobgoblin.
The hobgoblin is heavily wounded.
You hit the gnoll.
A bat comes into view.
The gnoll hits you with a +0 club.
* * * LOW HITPOINT WARNING * * *
The hobgoblin closely misses you.
You fail to use your ability.
The gnoll hits you with a +0 club.
* * * LOW HITPOINT WARNING * * *
The hobgoblin hits you but does no damage.
A red film seems to cover your vision as you go berserk!
You feel yourself moving faster!
You feel mighty! The bat hits you.
* * * LOW HITPOINT WARNING * * *
The gnoll hits you with a +0 club.
You die...

#.............#
####.............#
#................#
#...........######
#...........#
#...........#
##...........#
#............#
#..@.........#
#.ggb#########
#...S...
#.........
#.........(.
#...........
#...........
#.....?.....


You could see a gnoll, a hobgoblin, a bat and a ball python.

Vanquished Creatures
  A ball python (D:1)
1 creature vanquished.

Notes
Turn   | Place    | Note
-------+----------+-------------------------------------------
     0 | D:1      | Mickster the Hill Orc Berserker began the quest for the
                  | Orb.
     0 | D:1      | Reached XP level 1. HP: 19/19 MP: 1/1
    85 | D:1      | HP: 1/28 [bat (1)]
    85 | D:1      | Slain by a gnoll

Illustrated notes

Levels and vault maps discovered:
D:1:      eino_arrival_water_star, layout_basic

Action                     || total
---------------------------++-------
  Melee: Hand axe          ||     4
 Invoke: Berserk           ||     1
    Use: Scroll            ||     1
 Armour: Animal skin       ||     1
  Dodge: Dodged            ||     4

Table legend: (Time is in decaauts)
 A = Elapsed time spent in this place.
 B = Non-inter-level travel time spent in this place.
 C = Inter-level travel time spent in this place.
 D = Time resting spent in this place.
 E = Time spent auto-exploring this place.
 F = Levels seen in this place.
 G = Mean time per level.
                   A        B        C        D        E       F      G
               +--------+--------+--------+--------+--------+-----+--------+
         Total |     92 |     92 |      0 |      0 |      0 |   1 |   92.0 |
       Dungeon |     92 |     92 |      0 |      0 |      0 |   1 |   92.0 |
               +--------+--------+--------+--------+--------+-----+--------+

Top non-repeatable levels by time:
     D:1: 92 daAuts
